 Dungeon Crawl Stone Soup version 0.28-a0-381-g937acc2988 (webtiles) character file.

Game seed: 608969093819733415

19847 porpoise the Thaumaturge (level 12, -3/68 HPs)
             Began as a Deep Elf Conjurer on Sept 1, 2021.
             Was an Elder of Vehumet.
             Shot with an arrow by a deep elf archer (27 damage)
             ... on level 12 of the Dungeon on Sept 2, 2021.
             The game lasted 01:21:45 (18984 turns).

porpoise the Thaumaturge (Deep Elf Conjurer)       Turns: 18984, Time: 01:22:04

Health: -3/68      AC:  4    Str:  4    XL:     12   Next: 40%
Magic:  33/39      EV: 16    Int: 35    God:    Vehumet [****..]
Gold:   498        SH:  0    Dex: 13    Spells: 16/35 levels left

rFire   . . .      SeeInvis .   b - +1 hunting sling
rCold   . . .      Faith    .   (no shield)
rNeg    + . .      Spirit   .   L - +0 robe of Igoinn {rCorr MP+9}
rPois   .          Reflect  .   t - +0 helmet
rElec   .          Harm     .   (no cloak)
rCorr   +          Rampage  .   R - +0 pair of gloves
Will    +....                   (no boots)
Stlth   +++.......              (no amulet)
HPRegen 0.21/turn               H - ring of positive energy
MPRegen 0.26/turn               e - +6 ring of intelligence

@: no status effects
A: no striking features
a: Renounce Religion


You were on level 12 of the Dungeon.
You worshipped Vehumet.
Vehumet was greatly pleased with you.
You visited 3 branches of the dungeon, and saw 14 of its levels.

You collected 933 gold pieces.
You spent 435 gold pieces at shops.

Inventory:

Hand Weapons
 a - a +2 short sword of electrocution
 b - a +1 hunting sling (weapon)
 v - a +2 falchion of electrocution
Missiles
 f - 86 arrows
 x - 87 sling bullets (quivered ammo)
 y - 305 stones
 z - 7 curare-tipped darts
 Z - 2 throwing nets
Armour
 t - a +0 helmet (worn)
 L - the +0 robe of Igoinn (worn) {rCorr MP+9}
   (You found it on level 6 of the Dungeon)

   MP:        It affects your magic capacity (+9).
   rCorr:     It protects you from acid and corrosion.
 R - a +0 pair of gloves (worn)
Magical Staves
 w - a staff of poison
Jewellery
 e - a +6 ring of intelligence (right hand)
 i - a ring of ice
 q - an amulet of faith
 B - a ring of see invisible
 H - a ring of positive energy (left hand)
 P - a ring of fire
Wands
 r - a wand of polymorph (23)
 O - a wand of flame (9)
 T - a wand of acid (9)
 U - a wand of digging (8)
 W - a wand of paralysis (12)
 X - a wand of mindburst (8)
Scrolls
 g - 3 scrolls of teleportation
 h - 3 scrolls of fog
 l - a scroll of magic mapping
 o - 3 scrolls of identify
 p - a scroll of brand weapon {unknown}
 s - a scroll of noise {unknown}
 F - a scroll of vulnerability {unknown}
 I - a scroll of enchant armour {unknown}
 Y - a scroll of acquirement {unknown}
Potions
 d - 10 potions of curing
 j - 3 potions of ambrosia
 k - a potion of cancellation
 m - 5 potions of lignification
 n - 4 potions of flight
 C - 4 potions of heal wounds
 D - a potion of magic
 S - a potion of resistance
Miscellaneous
 c - a phantom mirror
 u - a lightning rod (4/4)


   Skills:
 - Level 5.0 Fighting
 - Level 4.0 Short Blades
 - Level 9.0 Dodging
 - Level 7.0 Stealth
 - Level 12.0 Spellcasting
 - Level 9.0 Conjurations
 + Level 8.1 Hexes
 - Level 7.0 Translocations
 + Level 0.5 Transmutations
 - Level 5.0 Air Magic
 - Level 5.0 Poison Magic
 - Level 7.0 Evocations


You had 16 spell levels left.
You knew the following spells:

 Your Spells              Type           Power      Damage    Failure   Level
a - Magic Dart            Conj           100%       1d8       1%          1
b - Searing Ray           Conj           100%       3d7       1%          2
c - Fulminant Prism       Conj/Hex       34%        3d16      1%          4
d - Iskenderun's Mystic   Conj/Tloc      67%        2d14      1%          4
m - Mephitic Cloud        Conj/Pois/Air  60%        N/A       1%          3
r - Irradiate             Conj/Tmut      26%        3d22      2%          5

Your spell library contained the following spells:

 Spells                   Type           Power      Damage    Failure   Level
 Iskenderun's Battlesphe  Conj           71%        2d12      1%          5
 Shock                    Conj/Air       100%       1d9       1%          1
 Slow                     Hex            67%        N/A       1%          2
 Confusing Touch          Hex            67%        N/A       1%          3
 Dazzling Flash           Conj/Hex       100%       N/A       1%          3
 Gell's Gravitas          Tloc           31%        N/A       1%          3
 Teleport Other           Tloc           63%        N/A       1%          3
 Wereblood                Tmut           24%        N/A       2%          2
 Yara's Violent Unravell  Hex/Tmut       25%        3d11      2%          5
 Call Imp                 Summ           21%        N/A       3%          2
 Sublimation of Blood     Necr           10%        N/A       3%          2
 Vampiric Draining        Necr           10%        2d7       6%          3
 Dispersal                Tloc           31%        N/A       17%         6
 Blade Hands              Tmut           12%        N/A       41%         5
 Lehudib's Crystal Spear  Conj/Erth      25%        10d7      99%         8
 Dragon Form              Tmut           12%        N/A       100%        7
 Summon Hydra             Summ           10%        N/A       100%        7
 Fire Storm               Conj/Fire      25%        8d7       100%        9


Dungeon Overview and Level Annotations

Branches:
Dungeon (12/15)            Temple (1/1) D:6            Lair (1/6) D:10
    Orc (0/2) D:12

Altars:
Ashenzari
Cheibriados
Dithmenos
Elyvilon
Fedhas
Gozag
Hepliaklqana
Kikubaaqudgha
Makhleb
Nemelex Xobeh
Okawaru
Qazlal
Ru
Sif Muna
Trog
Uskayaw
Vehumet
Wu Jian
Xom
Yredelemnul
Zin
The Shining One
Jiyva

Shops:
D:5 *!=[!   D:12 !

Portals:
Trove: D:10 (give +7 demon whip)

Annotations:
D:8 2 transporters, Papr's ghost, novice DgFi


Message History

Unknown command.
Casting: Searing Ray (safe; 1% risk of failure)
Confirm with . or Enter, or press ? or * to list all spells.
You can't see any susceptible monsters within range! (Use Z to cast anyway.)
Casting: Searing Ray (safe; 1% risk of failure)
Confirm with . or Enter, or press ? or * to list all spells.
Aiming: Fulminant Prism (safe; 1% risk of failure)
Press: ? - help, Dir - move target You conjure a prism of explosive energy!
A fulminant prism comes into view.
Your fulminant prism crackles loudly.
Casting: Fulminant Prism (safe; 1% risk of failure)
Confirm with . or Enter, or press ? or * to list all spells.
Aiming: Searing Ray (safe; 1% risk of failure)
Press: ? - help, Shift-Dir - straight line, f - deep elf archer
Aim: a deep elf archer, wielding a +0 shortbow, wearing a +0 leather armour and quivering arrows (repelling missiles, 61% to hit)
The searing ray misses the deep elf archer. (Press . to maintain the ray.)
The deep elf archer shoots an arrow.
The arrow hits you!!
Your fulminant prism explodes!
The blast of energy engulfs the deep elf archer!!
The deep elf archer is heavily wounded.
You hear a shout! x6
The searing ray misses the deep elf archer.
The deep elf archer shoots an arrow.
The arrow hits you!!
Aiming: Polymorph
Press: ? - help, Shift-Dir - straight line, f/p - deep elf archer
Aim: a deep elf archer, wielding a +0 shortbow, wearing a +0 leather armour and quivering arrows (heavily wounded, repelling missiles, will become a glowing shapeshifter, a sea snake, or a glowing orange brain, chance to affect: 18%)
Okay, then.
Aiming: Paralyse
Press: ? - help, Shift-Dir - straight line, f/p - deep elf archer
Aim: a deep elf archer, wielding a +0 shortbow, wearing a +0 leather armour and quivering arrows (heavily wounded, repelling missiles, chance to affect: 18%)
Okay, then.
Aiming: Corrosive Bolt
Press: ? - help, Shift-Dir - straight line, f/p - deep elf archer
Aim: a deep elf archer, wielding a +0 shortbow, wearing a +0 leather armour and quivering arrows (heavily wounded, repelling missiles, 42% to hit)
The bolt of acid hits the deep elf archer!!
The deep elf archer is almost dead.
The deep elf archer shoots an arrow.
The arrow hits you!!
You die...

#..#,,+,***,,,***,+,,#..####.#.#
#..#,,*,**,,,,,**,*,,#..# #.#.#
#..#,,*,,,,,,,,,,,*,,#..# #)#.#
#..#***+***8,8***+***#..# #)#.##
#..##,,,,,#*+**,,,,,##..# #.....
#.†.#,,,,,#e,,*,,,,,#...# ###.##
#.#.#######...*######.#.# #.#
#........###e###........# #.#
#...............@.......# #.#
#........#.#.#.#........## #.#
#.......................≈#####.##
#.......................≈≈≈≈≈≈≈≈≈
#.##≈≈≈≈≈≈≈≈≈≈≈≈≈≈...≈≈≈≈≈≈≈≈≈≈≈≈
#.##≈≈≈≈≈≈≈≈≈≈≈≈≈≈..≈≈≈≈≈≈≈≈≈≈≈≈≈
#.##≈≈≈≈≈≈###≈≈≈≈#.≈≈≈≈≈.≈≈≈≈≈≈≈≈
#.####≈≈######≈≈##.#≈≈≈..≈.≈#≈≈##
#...>..........###....#..#..####


You could see a deep elf archer (repels missiles).

Vanquished Creatures
  A hydra (D:11)
  A boulder beetle (D:12)
  3 two-headed ogres
  Pikel (D:7)
  2 oklob plants (Lair:1)
  2 cyclopes
  A black mamba (Lair:1)
  5 cane toads (Lair:1)
  Maggie (D:9)
  3 komodo dragons (Lair:1)
  A troll (D:12)
  A meliai (D:12)
  2 wraiths
  2 wyverns
  Sigmund (D:3)
  2 shadows
  10 yaks
  Grum (D:9)
  14 vampire mosquitoes
  An acid dragon (D:8)
  2 water moccasins
  4 orc warriors
  2 necrophages
  2 ice beasts
  2 sky beasts
  A black bear (D:10)
  6 ogres
  3 wolves (D:9)
  A lemure (D:7)
  7 centaurs
  2 phantoms
  A kobold brigand (D:9)
  A gnoll sergeant (D:11)
  7 bullfrogs
  2 scorpions
  A water moccasin skeleton (D:6)
  5 jellies
  19 wights
  5 killer bees (D:9)
  5 howler monkeys
  3 electric eels (D:12)
  A crimson imp (D:7)
  3 centaur zombies
  2 hounds
  A bullfrog zombie (D:6)
  2 bullfrog skeletons
  11 orc priests
  2 centaur skeletons (D:7)
  3 gnoll shamans
  4 iguanas
  Ijyb (D:3)
  9 orc wizards
  4 adders
  19 gnolls
  A howler monkey skeleton (D:4)
  A shadow imp (D:7)
  4 white imps
  A worm (D:2)
  A dart slug (D:5)
  36 orcs
  4 ball pythons
  9 endoplasms
  2 giant cockroaches
  8 goblins
  6 hobgoblins
  4 quokkas
  5 bats
  2 frilled lizards
  13 kobolds
  5 rats
300 creatures vanquished.

Vanquished Creatures (others)
  21 fulminant prisms
  28 fungi
  23 plants
72 creatures vanquished.

Grand Total: 372 creatures vanquished

Notes
Turn   | Place    | Note
-------+----------+-------------------------------------------
     0 | D:1      | porpoise the Deep Elf Conjurer began the quest for the Orb.
     0 | D:1      | Reached XP level 1. HP: 10/10 MP: 6/6
   518 | D:1      | Reached XP level 2. HP: 15/15 MP: 6/8
   521 | D:1      | Learned a level 2 spell: Searing Ray
  1193 | D:2      | Reached skill level 4 in Spellcasting
  1193 | D:2      | Reached skill level 5 in Conjurations
  1205 | D:2      | Reached XP level 3. HP: 15/19 MP: 0/10
  1822 | D:2      | Found a faded altar of an unknown god.
  1890 | D:2      | Found a snail-covered altar of Cheibriados.
  2070 | D:3      | Noticed Ijyb
  2097 | D:2      | Reached skill level 5 in Spellcasting
  2205 | D:3      | Killed Ijyb
  2206 | D:3      | Reached XP level 4. HP: 10/24 MP: 2/13
  2430 | D:3      | Learned a level 4 spell: Iskenderun's Mystic Blast
  2435 | D:3      | Learned a level 4 spell: Fulminant Prism
  2557 | D:3      | Noticed Sigmund
  2566 | D:3      | Killed Sigmund
  2567 | D:3      | Reached skill level 1 in Fighting
  2567 | D:3      | Reached XP level 5. HP: 29/30 MP: 6/14
  2995 | D:3      | Reached XP level 6. HP: 35/35 MP: 11/15
  3899 | D:4      | Reached XP level 7. HP: 40/40 MP: 9/16
  4153 | D:4      | Found a basalt altar of Yredelemnul.
  4153 | D:4      | Found a shadowy altar of Dithmenos.
  4157 | D:4      | Found a sacrificial altar of Ru.
  4157 | D:4      | Found an ornate altar of the Wu Jian Council.
  4428 | D:4      | Reached skill level 5 in Hexes
  4835 | D:4      | Learned a level 3 spell: Mephitic Cloud
  4848 | D:5      | Entered Level 5 of the Dungeon
  4975 | D:5      | Found Uttuod's Distillery.
  4980 | D:5      | Bought a potion of heal wounds for 50 gold pieces
  4980 | D:5      | Bought a potion of magic for 80 gold pieces
  4980 | D:5      | Bought a potion of heal wounds for 50 gold pieces
  4995 | D:5      | Reached skill level 1 in Evocations
  5039 | D:5      | Found Jentyet's Armour Boutique.
  5087 | D:5      | Found Gazyaho's Jewellery Shop.
  5134 | D:5      | Found Hucuxurav's General Store.
  5157 | D:5      | Found Roanel's Distillery.
  5346 | D:5      | Reached skill level 5 in Translocations
  5399 | D:5      | Reached skill level 1 in Poison Magic
  5672 | D:5      | Reached XP level 8. HP: 46/46 MP: 11/17
  5960 | D:6      | Found a staircase to the Ecumenical Temple.
  5993 | Temple   | Entered the Ecumenical Temple
  6182 | Temple   | Became a worshipper of Vehumet
  6494 | D:6      | Found a shimmering altar of Xom.
  6495 | D:6      | Found a hazy altar of Hepliaklqana.
  6496 | D:6      | Noticed a spectral ugly thing
  6496 | D:6      | Noticed a will-o-the-wisp
  6544 | D:6      | Reached skill level 5 in Evocations
  7099 | D:6      | Identified the +0 robe of Igoinn {rCorr MP+9}
  7238 | D:6      | Reached skill level 5 in Poison Magic
  7407 | D:6      | Reached skill level 1 in Short Blades
  7407 | D:6      | Reached skill level 1 in Air Magic
  7615 | D:7      | Reached XP level 9. HP: 45/50 MP: 14/18
  7989 | D:6      | Reached * piety under Vehumet
  7989 | D:6      | Offered knowledge of Shock by Vehumet.
  8332 | D:7      | Reached skill level 5 in Air Magic
  8697 | D:7      | Noticed Pikel
  8713 | D:7      | Killed Pikel
  8714 | D:7      | Reached skill level 5 in Stealth
  9052 | D:8      | Noticed a two-headed ogre
  9060 | D:8      | Killed a two-headed ogre
  9061 | D:8      | Reached XP level 10. HP: 21/56 MP: 19/19
  9263 | D:8      | Got the Almanac of Conjuration
  9417 | D:8      | Reached skill level 5 in Dodging
  9548 | D:8      | Reached ** piety under Vehumet
  9648 | D:8      | Offered knowledge of Freeze by Vehumet.
  9871 | D:8      | Found a burning altar of Makhleb.
  9875 | D:8      | Found a glowing silver altar of Zin.
  9875 | D:8      | Noticed an angel
  9876 | D:8      | Noticed an Executioner
 10308 | D:8      | Reached skill level 5 in Fighting
 10661 | D:8      | Found a transporter.
 10663 | D:8      | Found a transporter.
 10666 | D:8      | Noticed Papr's ghost (novice DgFi)
 10669 | D:8      | Identified the +4 dire flail of the Extremes {vorpal,
                  | Will+}
 10669 | D:8      | Noticed a two-headed ogre
 10979 | D:9      | Found a viscous altar of Jiyva.
 11053 | D:9      | Offered knowledge of Poisonous Vapours by Vehumet.
 11271 | D:9      | Noticed a cyclops
 11285 | D:9      | Killed a cyclops
 11606 | D:9      | Noticed Maggie
 11615 | D:9      | Killed Maggie
 12003 | D:9      | Noticed Grum
 12007 | D:9      | Reached skill level 6 in Spellcasting
 12014 | D:9      | Killed Grum
 12298 | D:9      | Reached skill level 7 in Spellcasting
 12501 | D:9      | Noticed a two-headed ogre
 12508 | D:9      | Killed a two-headed ogre
 12630 | D:9      | Noticed a two-headed ogre
 12636 | D:9      | Killed a two-headed ogre
 12637 | D:9      | Reached XP level 11. HP: 50/63 MP: 20/23
 12967 | D:10     | Entered Level 10 of the Dungeon
 13395 | D:10     | Reached *** piety under Vehumet
 13852 | D:10     | Found a staircase to the Lair.
 13861 | D:10     | Offered knowledge of Inner Flame by Vehumet.
 13862 | D:10     | Reached skill level 8 in Spellcasting
 14139 | D:10     | Found a portal to a secret trove of treasure.
 14598 | Lair:1   | Entered Level 1 of the Lair of Beasts
 15005 | Lair:1   | Reached skill level 9 in Spellcasting
 15143 | Lair:1   | HP: 3/63 [cane toad (19)]
 15515 | Lair:1   | Reached skill level 10 in Spellcasting
 15723 | Lair:1   | Found a blossoming altar of Fedhas.
 15725 | Lair:1   | Noticed an oklob plant
 15735 | Lair:1   | Killed an oklob plant
 15787 | Lair:1   | Noticed an oklob plant
 15800 | Lair:1   | Killed an oklob plant
 16554 | D:11     | Found a shimmering altar of Xom.
 16556 | D:11     | Found a shimmering altar of Xom.
 16556 | D:11     | Found a shimmering altar of Xom.
 16557 | D:11     | Found a shimmering altar of Xom.
 16558 | D:11     | Found a shimmering altar of Xom.
 16558 | D:11     | Found a shimmering altar of Xom.
 16596 | D:11     | Reached skill level 11 in Spellcasting
 16597 | D:11     | Reached XP level 12. HP: 68/68 MP: 23/29
 16886 | D:11     | Noticed an eight-headed hydra
 16892 | D:11     | Killed an eight-headed hydra
 16981 | D:11     | Learned a level 5 spell: Irradiate
 17864 | D:12     | Found Jerimmi's Distillery.
 17886 | D:12     | Bought a potion of heal wounds for 85 gold pieces
 17886 | D:12     | Bought a potion of heal wounds for 85 gold pieces
 17886 | D:12     | Bought a potion of heal wounds for 85 gold pieces
 18167 | D:12     | Reached skill level 12 in Spellcasting
 18237 | D:12     | Reached **** piety under Vehumet
 18325 | D:12     | Noticed a boulder beetle
 18340 | D:12     | Killed a boulder beetle
 18373 | D:12     | Offered knowledge of Iskenderun's Battlesphere by Vehumet.
 18984 | D:12     | Shot with an arrow by a deep elf archer

Illustrated notes

Levels and vault maps discovered:
D:1:      minmay_arrival_plants_in_alcoves, layout_rooms
D:2:      layout_loops_ring, basic_altar,
          shapermc_ecumenical_altar_mp_ritualfount
D:3:      layout_loops_cross, uniq_ijyb, uniq_sigmund
D:4:      layout_basic, grunt_temple_overflow_open,
          chequers_serial_rivers_micro_d, chequers_serial_rivers_large_b,
          dk_noncrumbling_2, grunt_decor_fettered, abandoned_shop
D:5:      layout_basic, serial_shops, nicolae_shop_crystal, shop,
          kennysheep_little_box, nicolae_shop_stone, shop,
          mrwooster_statue_mirror
D:6:      layout_basic, regret_index_temple_of_mockery,
          minmay_temple_entry_waves
D:7:      layout_rooms, serial_glass, glass_columns_b, glass_columns_c,
          minmay_fire_ice_demons, uniq_pikel
D:8:      layout_loops_cross, grunt_temple_overflow_order_and_chaos_2,
          gammafunk_ghost_smash, enter_bailey_3, minmay_misc_feat_doors
D:9:      layout_stronghold, kennysheep_another_room, jiyva_altar_1, uniq_grum,
          uniq_maggie
D:10:     layout_layer_cave, grunt_lair_entry_orc_guard_hut, enter_trove_1
D:11:     layout_loops_ring, xom_redecorated
D:12:     evilmike_iron_armoury, layout_basic, erik_orc_1, serial_shops, shop,
          statue_in_the_mist_lemuel, minmay_rotating_lava
Temple:   eino_temple_water
Lair:1:   layout_loops_ring, hangedman_tree_tricks, grunt_megastairs_3

Skill      XL: |  1  2  3  4  5  6  7  8  9 10 11 12 |
---------------+-------------------------------------+-----
Spellcasting   | 4 5 7 11 12 | 12.0
Conjurations   | 5 7 9 |  9.0
Fighting       | 1 2 3 4 5 |  5.0
Hexes          | 2 3 4 5 6 7 8 |  8.1
Translocations | 2 3 5 7 |  7.0
Evocations     | 3 5 6 7 |  7.0
Poison Magic   | 2 5 |  5.0
Short Blades   | 3 4 |  4.0
Air Magic      | 3 5 |  5.0
Stealth        | 5 7 |  7.0
Dodging        | 4 7 9 |  9.0
Transmutations | |  0.5

Action                   |  1- 3 |  4- 6 |  7- 9 | 10-12 || total
-------------------------+-------+-------+-------+-------++-------
Melee: Staff             |     9 |       |       |       ||     9
       Whip              |    11 |     3 |       |       ||    14
       Rapier            |       |       |     1 |       ||     1
       Short sword       |       |       |       |     2 ||     2
       Hunting sling     |       |       |       |     1 ||     1
 Fire: Hunting sling     |       |       |    24 |   134 ||   158
Throw: Dart              |       |    32 |    16 |     2 ||    50
       Stone             |       |     7 |     8 |       ||    15
 Cast: Magic Dart        |    43 |    11 |     3 |     1 ||    58
       Searing Ray       |    16 |    19 |    57 |   113 ||   205
       Iskenderun's Myst |       |       |    15 |    40 ||    55
       Mephitic Cloud    |       |       |       |     7 ||     7
       Fulminant Prism   |       |       |       |    21 ||    21
       Irradiate         |       |       |       |     3 ||     3
Evoke: Wand              |       |       |       |     5 ||     5
  Use: Scroll            |       |     7 |     4 |     7 ||    18
       Potion            |       |       |     1 |       ||     1
Armor: Robe              |     7 |       |    13 |    11 ||    31
Dodge: Dodged            |    29 |     2 |    35 |    92 ||   158

Table legend: (Time is in decaauts)
 A = Elapsed time spent in this place.
 B = Non-inter-level travel time spent in this place.
 C = Inter-level travel time spent in this place.
 D = Time resting spent in this place.
 E = Time spent auto-exploring this place.
 F = Levels seen in this place.
 G = Mean time per level.
                   A        B        C        D        E       F      G
               +--------+--------+--------+--------+--------+-----+--------+
         Total |  19049 |  18679 |    370 |   8168 |   7318 |  14 | 1360.6 |
       Dungeon |  16954 |  16647 |    307 |   7322 |   6509 |  12 | 1412.8 |
        Temple |    206 |    189 |     17 |      0 |    166 |   1 |  206.0 |
          Lair |   1888 |   1843 |     45 |    845 |    643 |   1 | 1888.0 |
               +--------+--------+--------+--------+--------+-----+--------+

Top non-repeatable levels by time:
     D:9: 2136 daAuts
  Lair:1: 1888 daAuts
     D:8: 1790 daAuts
    D:10: 1660 daAuts
     D:6: 1617 daAuts
     D:4: 1612 daAuts
    D:11: 1447 daAuts
     D:7: 1354 daAuts
     D:3: 1233 daAuts
     D:2: 1126 daAuts
    D:12: 1034 daAuts
     D:5: 1029 daAuts
     D:1: 910 daAuts
  Temple: 206 daAuts
